 Dungeon Crawl Stone Soup version 0.30-a0-591-g3c58d2bc28 (webtiles) character file.

Game seed: 7935579667643256678

2082 Zonian the Slicer (level 9, 0/42 HPs)
             Began as a Vine Stalker Gladiator on Jan 5, 2023.
             Was a Believer of Uskayaw.
             Killed from afar by a steam dragon (15 damage)
             ... with a ball of steam
             ... on level 6 of the Dungeon.
             The game lasted 00:12:31 (5117 turns).

Zonian the Slicer (Vine Stalker Gladiator)          Turns: 5117, Time: 00:12:32

Health: 0/42       AC:  6    Str: 22    XL:     9   Next: 27%
Magic:  0/13       EV: 13    Int:  8    God:    Uskayaw [**....]
Gold:   437        SH:  0    Dex: 21    Spells: 8/8 levels left

rFire   x . .      SeeInvis .    q - +0 short sword
rCold   + . .      Faith    .    (no shield)
rNeg    . . .      Spirit   +    b - +0 leather armour
rPois   .          Reflect  .    v - +1 helmet
rElec   .          Harm     .    (no cloak)
rCorr   .          Rampage  .    u - +0 pair of gloves
Will    +....                    (no boots)
Stlth   ++                       (no amulet)
HPRegen 1.07/turn                i - ring of ice
MPRegen 0.13/turn                d - +6 ring of strength

@: no status effects
A: fangs 3, regeneration 1, magic shield, antimagic bite, no potion heal 2
a: Renounce Religion, Stomp, Line Pass


You were on level 6 of the Dungeon.
You worshipped Uskayaw.
Uskayaw was noncommittal.
You visited 2 branches of the dungeon, and saw 7 of its levels.
You also visited: Ossuary.

You collected 437 gold pieces.

Inventory:

Hand Weapons
 a - a +0 rapier
 g - a +0 sling
 n - a +4 whip
 q - a +0 short sword (weapon)
 C - a +2 hand axe of freezing
 D - a +1 flail of pain
 F - a +0 rapier
Missiles
 e - a javelin (quivered)
 z - 2 throwing nets
 H - 10 poisoned darts
Armour
 b - a +0 leather armour (worn)
 c - a +0 helmet
 s - a +1 hat
 u - a +0 pair of gloves (worn)
 v - a +1 helmet (worn)
 w - a +2 robe of fire resistance
Jewellery
 d - a +6 ring of strength (right hand)
 i - a ring of ice (left hand)
Wands
 y - a wand of iceblast (7)
 I - a wand of flame (3)
Scrolls
 k - 2 scrolls of magic mapping
 l - 2 scrolls of fog
 A - a scroll of torment
Potions
 f - 2 potions of haste
 h - a potion of magic
 j - 2 potions of invisibility
 m - a potion of heal wounds
 o - 2 potions of berserk rage
 p - 3 potions of lignification
 r - 2 potions of flight
 t - 3 potions of cancellation
 x - 2 potions of might
 B - a potion of mutation
 E - a potion of curing


   Skills:
 - Level 2.1 Fighting
 - Level 10.0 Short Blades
 - Level 2.1 Throwing
 - Level 2.6 Dodging
 + Level 5.1 Invocations


You had 8 spell levels left.
You didn't know any spells.
Your spell library contained the following spells:

 Spells                   Type           Power      Damage    Failure   Level
 Freeze                   Ice            0%         1d3       45%         1
 Frozen Ramparts          Ice            0%         1d1       83%         3
 Hailstorm                Conj/Ice       0%         3d3       83%         3
 Summon Guardian Golem    Hex/Summ       0%         N/A       83%         3
 Airstrike                Air            0%         2d(0-16)  99%         4
 Summon Lightning Spire   Summ/Air       0%         N/A       99%         4
 Lightning Bolt           Conj/Air       0%         1d11      100%        5
 Orb of Destruction       Conj           0%         9d5       100%        7
 Spellforged Servitor     Conj/Summ      0%         N/A       100%        7


Dungeon Overview and Level Annotations

Branches:
Dungeon (6/15)             Temple (1/1) D:5         Ossuary (visited)

Altars:
Dithmenos
Fedhas
Gozag
Kikubaaqudgha
Nemelex Xobeh
Trog
Uskayaw
Zin
The Shining One


Innate Abilities, Weirdness & Mutations

You have razor-sharp teeth.
Your natural rate of healing is unusually fast.
When hurt, damage is shared between your health and your magic reserves.
Your bite disrupts and absorbs the magic of your enemies.
Potions cannot restore your health.


Message History

A steam dragon is nearby!
Unknown command.
The steam dragon hisses angrily.
You see here a +0 quarterstaff.
You hit the steam dragon but do no damage.
You bite the steam dragon, but do no damage.
You hit the steam dragon but do no damage.
You bite the steam dragon. You drain its power.
The steam dragon is lightly wounded.
The steam dragon closely misses you. The steam dragon misses you.
You hit the steam dragon but do no damage.
The steam dragon is lightly wounded.
You hit the steam dragon but do no damage.
You punch the steam dragon, but do no damage.
The steam dragon is lightly wounded.
The steam dragon barely misses you. The steam dragon claws you.
You hit the steam dragon but do no damage.
You bite the steam dragon! You drain its power.
You feel invigorated.
The steam dragon is heavily wounded.
You hit the steam dragon. You bite the steam dragon! You drain its power.
The steam dragon is severely wounded.
The steam dragon breathes steam at you. The ball of steam hits you!!
The steam scalds you terribly!
Ouch! That really hurt!
You can now pass through a line of other dancers.
You are too injured to fight recklessly!
You are too injured to fight recklessly!
The steam dragon bites you.
* * * LOW HITPOINT WARNING * * *
The steam dragon barely misses you.
You hit the steam dragon but do no damage.
The steam dragon is severely wounded.
Okay, then.
Magic courses through your body. The steam dragon misses you. x2
You hit the steam dragon.
You bite the steam dragon, but do no damage.
The steam dragon is severely wounded.
The steam dragon breathes steam at you. The ball of steam hits you!!
The steam scalds you terribly!
You die...

##..........
##.........) ...
#........... ...
............ ..#
....>......### #..
....[÷........##.##
#.........(...##..##
....#.....###..#...#
#..##..##......D@.#
)..###.##...##.§#.#
..###.........)####
.####..........#
.#............##
........##....#
....#..###.####
....#........#
###..[..#...##


You could see a steam dragon (catching breath).

Vanquished Creatures
  Eustachio (D:6)
  Edmund (D:6)
  Duvessa (D:6)
  2 water moccasins
  3 black bears
  2 ice beasts (D:6)
  Blork the orc (D:6)
  A bullfrog (D:6)
  An elf zombie (Ossuary)
  2 scorpions (D:5)
  Dowan (D:6)
  2 howler monkeys
  2 hounds
  2 human zombies (Ossuary)
  2 orc priests
  An iguana (D:4)
  3 orc wizards
  A hound zombie (Ossuary)
  4 mummies (Ossuary)
  12 adders
  4 gnolls (D:3)
  A shadow imp (D:5)
  A white imp (D:6)
  An ufetubus (D:4)
  An adder zombie (Ossuary)
  2 dart slugs
  14 orcs
  6 bats
  7 endoplasms
  A giant cockroach (D:3)
  A gnoll zombie (Ossuary)
  3 goblins
  3 hobgoblins
  21 jackals
  5 kobolds
  A quokka (D:3)
  4 ball pythons
  4 frilled lizards
  A goblin zombie (Ossuary)
  2 kobold zombies (Ossuary)
  An orc zombie (Ossuary)
  6 rats
  2 rat zombies (Ossuary)
137 creatures vanquished.

Notes
Turn   | Place    | Note
-------+----------+-------------------------------------------
     0 | D:1      | Zonian the Vine Stalker Gladiator began the quest for the
                  | Orb.
     0 | D:1      | Reached XP level 1. HP: 11/11 MP: 2/2
    78 | D:1      | Reached XP level 2. HP: 15/15 MP: 3/3
   179 | D:1      | Found a faded altar of an unknown god.
   702 | D:2      | Reached skill level 3 in Short Blades
   702 | D:2      | Reached XP level 3. HP: 17/18 MP: 4/4
  1015 | D:2      | Gained mutation: Your natural rate of healing is unusually
                  | fast. [Vine Stalker growth]
  1015 | D:2      | Reached XP level 4. HP: 20/23 MP: 3/5
  1299 | D:3      | Reached skill level 4 in Short Blades
  1352 | D:3      | Reached XP level 5. HP: 26/26 MP: 4/6
  1878 | D:3      | Reached skill level 5 in Short Blades
  2251 | D:4      | Reached XP level 6. HP: 27/30 MP: 4/7
  2277 | D:4      | Found a sand-covered staircase.
  2287 | Ossuary  | Entered an ossuary
  2340 | Ossuary  | Reached skill level 6 in Short Blades
  2742 | Ossuary  | Reached XP level 7. HP: 35/35 MP: 8/8
  2971 | D:4      | Reached skill level 7 in Short Blades
  3495 | D:5      | Entered Level 5 of the Dungeon
  3612 | D:5      | Found a staircase to the Ecumenical Temple.
  3616 | Temple   | Entered the Ecumenical Temple
  3672 | Temple   | Became a worshipper of Uskayaw the Reveller
  3715 | D:5      | Reached * piety under Uskayaw
  3718 | D:5      | Reached ** piety under Uskayaw
  3809 | D:5      | Reached skill level 8 in Short Blades
  3809 | D:5      | Gained mutation: You have razor-sharp teeth. [Vine Stalker
                  | growth]
  3809 | D:5      | Reached XP level 8. HP: 35/39 MP: 7/9
  3817 | D:5      | Reached *** piety under Uskayaw
  3930 | D:5      | Found a glowing silver altar of Zin.
  4385 | D:6      | Noticed Duvessa
  4385 | D:6      | Noticed Dowan
  4386 | D:6      | Noticed Edmund
  4466 | D:6      | Killed Duvessa
  4469 | D:6      | Killed Dowan
  4470 | D:6      | Reached skill level 9 in Short Blades
  4641 | D:6      | Noticed Blork the orc
  4649 | D:6      | Reached **** piety under Uskayaw
  4650 | D:6      | Killed Blork the orc
  4651 | D:6      | Reached ***** piety under Uskayaw
  4668 | D:6      | Reached ****** piety under Uskayaw
  4684 | D:6      | Noticed Eustachio
  4861 | D:6      | Killed Edmund
  4862 | D:6      | Reached XP level 9. HP: 38/42 MP: 10/12
  4911 | D:6      | Reached skill level 10 in Short Blades
  5081 | D:6      | Killed Eustachio
  5082 | D:6      | Reached skill level 5 in Invocations
  5117 | D:6      | Killed from afar by a steam dragon

Illustrated notes

Levels and vault maps discovered:
D:1:      psy_arrival_radial02, layout_basic,
          hellmonk_ecumenical_altar_inner_sanctum
D:2:      layout_loops_ring
D:3:      layout_loops_ring, minmay_increasing_density
D:4:      layout_basic, nicolae_ossuary_entry_monument,
          minmay_misc_feat_more_columns
D:5:      layout_basic, mainiacjoe_overflow_catwalk,
          minmay_temple_entry_glassed_door
D:6:      layout_cave_pools, gammafunk_ghost_grave, corexii_corridor_pit,
          uniq_duvessa, uniq_blork_the_orc, uniq_eustachio, uniq_edmund
Temple:   minmay_crystal_spiral_temple

Skill      XL: |  1  2  3  4  5  6  7  8  9 |
---------------+----------------------------+-----
Throwing       | 2 |  2.1
Fighting       | 2 |  2.1
Short Blades   | 3 4 5 6 8 9 10 | 10.0
Invocations    | 3 5 |  5.1
Dodging        | |  2.6

Action                   |  1- 3 |  4- 6 |  7- 9 || total
-------------------------+-------+-------+-------++-------
Melee: Rapier            |    58 |       |       ||    58
       Bite              |    21 |    39 |    96 ||   156
       Whip              |    28 |   189 |    82 ||   299
       Punch             |     1 |     4 |     4 ||     9
       Short sword       |       |       |   189 ||   189
Throw: Throwing net      |       |       |     4 ||     4
       Dart              |       |       |     2 ||     2
Evoke: Wand              |       |       |     2 ||     2
  Use: Scroll            |     3 |    11 |     7 ||    21
       Potion            |       |     1 |     4 ||     5
 Stab: Sleeping          |     3 |       |     1 ||     4
       Invisible         |       |       |     1 ||     1
       Held in net/web   |       |       |     3 ||     3
       Paralysed         |       |       |     3 ||     3
Armor: Leather armour    |    32 |    95 |    60 ||   187
       Skin              |       |   179 |       ||   179
Dodge: Dodged            |    61 |   213 |   125 ||   399

Table legend: (Time is in decaauts)
 A = Elapsed time spent in this place.
 B = Non-inter-level travel time spent in this place.
 C = Inter-level travel time spent in this place.
 D = Time resting spent in this place.
 E = Time spent auto-exploring this place.
 F = Levels seen in this place.
 G = Mean time per level.
                   A        B        C        D        E       F      G
               +--------+--------+--------+--------+--------+-----+--------+
         Total |   5068 |   4887 |    181 |    500 |   2988 |   8 |  633.5 |
       Dungeon |   4477 |   4334 |    143 |    281 |   2909 |   6 |  746.2 |
        Temple |     94 |     56 |     38 |      0 |     45 |   1 |   94.0 |
       Ossuary |    496 |    496 |      0 |    219 |     34 |   1 |  496.0 |
               +--------+--------+--------+--------+--------+-----+--------+

Top non-repeatable levels by time:
     D:5: 968 daAuts
     D:3: 954 daAuts
     D:4: 786 daAuts
     D:2: 664 daAuts
     D:1: 628 daAuts
 Ossuary: 496 daAuts
     D:6: 474 daAuts
  Temple: 94 daAuts
